 Dungeon Crawl Stone Soup version 0.22-a0-162-g33bf127 (webtiles) character file.

18 zwolley the Digger (level 2, 0/15 HPs)
             Began as a Gargoyle Earth Elementalist on Feb 12, 2018.
             Killed from afar by a dart slug (8 damage)
             ... with a slug dart
             ... on level 2 of the Dungeon.
             The game lasted 00:03:01 (1062 turns).

zwolley the Digger (Gargoyle Earth Elementalist)    Turns: 1062, Time: 00:03:02

Health: 0/15       AC:  4    Str: 11    XL:     2   Next: 70%
Magic:  1/5        EV: 12    Int: 15    God:
Gold:   51         SH:  0    Dex: 10    Spells: 4/5 levels left

rFire    . . .     SeeInvis .   (no weapon)
rCold    . . .     Gourm    .   (no shield)
rNeg     + . .     Faith    .   c - +0 robe
rPois    ∞         Spirit   .   (no helmet)
rElec    +         Reflect  .   (no cloak)
rCorr    .         Harm     .   (no gloves)
MR       .....                  (no boots)
Stlth    ++........             (no amulet)
HPRegen  0.05/turn              (no ring)
MPRegen  0.09/turn              (no ring)

@: no status effects
A: negative energy resistance 1, electricity resistance, unbreathing,
petrification resistance, rot immunity, AC +2
a: no special abilities


You were on level 2 of the Dungeon.
You were hungry.

You visited 1 branch of the dungeon, and saw 2 of its levels.

You collected 51 gold pieces.

Inventory:

Missiles
 b - 22 stones (quivered)
 g - 39 bolts
 h - 59 arrows
Armour
 c - a +0 robe (worn)
 f - a +0 shield
Jewellery
 k - an uncursed ring of stealth {unknown}
Scrolls
 i - 2 scrolls of identify {unknown}
 l - a scroll of random uselessness {unknown}
Potions
 j - a potion of flight {unknown}
Books
 e - a book of Geomancy

   Spells                             Type                      Level
   a - Sandblast                      Earth                        1
   b - Passwall                       Transmutation/Earth          2
   c - Stone Arrow                    Conjuration/Earth            3
   d - Petrify                        Transmutation/Earth          4
   e - Lee's Rapid Deconstruction     Earth                        5
Comestibles
 d - a ration


   Skills:
 + Level 1.7 Dodging
 + Level 2.3 Stealth
 + Level 2.2 Spellcasting
   Level 0.7 Transmutations
 + Level 4.2 Earth Magic


You had 4 spell levels left.
You knew the following spells:

 Your Spells              Type           Power        Failure   Level  Hunger
a - Sandblast             Erth           ##....       3%          1    #......


Dungeon Overview and Level Annotations

Branches:
Dungeon (2/15)

Altars:


Innate Abilities, Weirdness & Mutations

You are resistant to torment.
Your stone body is resilient. (AC +2)
You are immune to poison.
You resist negative energy. (rN+)
You are resistant to electric shocks. (rElec)
You can survive without breathing.
You are immune to petrification.
You are immune to rotting.


Message History

The dart slug barely misses you.
You hit the dart slug.
The dart slug is severely wounded.
The dart slug bites you but does no damage.
You completely miss the dart slug.
The dart slug is severely wounded.
You hit the dart slug but do no damage.
The dart slug is severely wounded.
The dart slug bites you.
You completely miss the dart slug.
The dart slug is severely wounded.
The dart slug barely misses you.
You hit the dart slug.
The dart slug is severely wounded.
You hit the dart slug.
The dart slug is almost dead.
The dart slug launches a dart at you. The slug dart hits you!
Ouch! That really hurt!
You die...

.# .# .. .# .#
.#
#########)####.#
.......@w......#
..........######
###########


You could see a dart slug.

Vanquished Creatures
  A leopard gecko (D:1)
  2 hobgoblins (D:1)
  4 jackals (D:1)
  A kobold (D:1)
  A quokka (D:2)
  A bat (D:1)
  4 frilled lizards (D:1)
  3 rats (D:1)
17 creatures vanquished.

Notes
Turn   | Place    | Note
-------+----------+-------------------------------------------
     0 | D:1      | zwolley the Gargoyle Earth Elementalist began the quest for the Orb.
     0 | D:1      | Reached XP level 1. HP: 10/10 MP: 3/3
   373 | D:1      | Reached XP level 2. HP: 15/15 MP: 3/5
   436 | D:1      | Reached skill level 4 in Earth Magic
  1062 | D:2      | Killed from afar by a dart slug

Vault maps used:
D:1:      moated_graveyard_arrival
D:2:      lemuel_round_altar

Skill      XL: |  1  2 |
---------------+-------+-----
Earth Magic    | 4 |  4.2
Dodging        | |  1.7
Stealth        | |  2.3
Spellcasting   | |  2.2
Transmutations | |  0.7

Action                   || total
-------------------------++-------
Melee: Unarmed           ||    20
 Cast: Sandblast         ||    23
Armor: Robe              ||    23
Dodge: Dodged            ||    31

Table legend:
 A = Spawn XP
 B = Non-spawn XP
 C = Spawn XP percentage of total XP
 D = Spawn monster count
 E = Non-spawn monster count
 F = Spawn count percentage of total count
 G = Total turns spent on level
                    A         B        C        D         E        F      G
               +---------+---------+-------+---------+---------+-------+---------
         Total |       0 |      27 |   0.0 |       0 |      17 |   0.0 |  1062
               +---------+---------+-------+---------+---------+-------+---------
           D:1 |       0 |      25 |   0.0 |       0 |      16 |   0.0 |  1043
           D:2 |       0 |       2 |   0.0 |       0 |       1 |   0.0 |    19
               +---------+---------+-------+---------+---------+-------+---------
